| TOP OF THE 1ST |
|
Lewiston Broncs batting - Pitching for Renton Wrecks : RHP Jeff Bettendorf
|
|
Pitching: RHP Jeff Bettendorf
|
|
|
Batting: LHB Wayne Kirby
|
0-0: Called Strike 0-1: Reached on error, E8 (Line Drive, 8RD, EV 93.8 MPH)
|
|
Batting: LHB Alex Hernandez
|
0-0: Foul Ball, location: 2F 0-1: Ball 1-1: SINGLE (Flyball, 6D, EV 87.5 MPH) Wayne Kirby to second
|
|
Batting: RHB Jeff Kunkel
|
0-0: SINGLE (Groundball, 6MD, EV 93.1 MPH) (infield hit) Wayne Kirby to third Alex Hernandez to second
|
|
Batting: RHB Bruce Castoria
|
0-0: Foul Ball, location: 2F 0-1: Ball 1-1: Fly out, F9 (Line Drive, 9D, EV 92.5 MPH) Runner from 3rd tags up, SCORES, throw by RF Alex Hernandez to third
|
|
Batting: LHB Nestor Moreno
|
0-0: Ball 1-0: Foul Ball, location: 2F 1-1: SINGLE (Line Drive, 9S, EV 85.6 MPH) Alex Hernandez scores Jeff Kunkel to second Runner from 2nd tries for 3rd, SAFE, no throw by RF
|
|
Batting: RHB Sal D'Alessandro
|
0-0: Fly out, F7 (Flyball, 7S, EV 71.9 MPH)
|
|
Batting: RHB Steven Spalt
|
0-0: Ball 1-0: Called Strike 1-1: Ball 2-1: Ball 3-1: Called Strike 3-2: SINGLE (Groundball, 5L, EV 106.9 MPH) (infield hit) Jeff Kunkel scores Nestor Moreno to second
|
|
Batting: RHB Jay Roberts
|
0-0: Called Strike 0-1: Foul Ball, location: 2F 0-2: Foul Ball, location: 2F 0-2: Ground out 6-3 (Groundball, P, EV 80.6 MPH)
|
| Top of the 1st over - 3 runs, 4 hits, 1 error, 2 left on base; Lewiston 3 - Renton 0 |
| BOTTOM OF THE 1ST |
|
Renton Wrecks batting - Pitching for Lewiston Broncs : RHP Jeff Bittiger
|
|
Pitching: RHP Jeff Bittiger
|
|
|
Batting: RHB Rolando Pino
|
0-0: Ball 1-0: Ball 2-0: Fly out, F8 (Line Drive, 8RD, EV 97.5 MPH)
|
|
Batting: LHB Troy Thomas
|
0-0: Called Strike 0-1: Ball 1-1: Ball 2-1: Called Strike 2-2: Strikes out swinging
|
|
Batting: RHB Luis Gomez
|
0-0: Ball 1-0: Foul Ball, location: 2F 1-1: Ball 2-1: Ball 3-1: Ground out 6-3 (Groundball, 6, EV 79.4 MPH)
|
| Bottom of the 1st over - 0 runs, 0 hits, 0 errors, 0 left on base; Lewiston 3 - Renton 0 |
| TOP OF THE 2ND |
|
Lewiston Broncs batting - Pitching for Renton Wrecks : RHP Jeff Bettendorf
|
|
Batting: SHB Stephen Kowalski
|
0-0: Called Strike 0-1: Ball 1-1: Foul Ball, location: 2F 1-2: Ball 2-2: Reached on error, E5 (Groundball, 56, EV 92.5 MPH)
|
|
Batting: LHB Wayne Kirby
|
0-0: Called Strike 0-1: Ball 1-1: SINGLE (Line Drive, 8LS, EV 101.9 MPH) Stephen Kowalski to third Runner from 3rd tries for Home, SAFE, throw by CF to home
|
|
Batting: LHB Alex Hernandez
|
0-0: Ball 1-0: Called Strike 1-1: Fly out, F6 (Popup, 6M, EV 50.6 MPH)
|
|
Batting: RHB Jeff Kunkel
|
0-0: Ball 1-0: DOUBLE (Line Drive, 5D, EV 105.0 MPH) Wayne Kirby to third Runner from 3rd tries for Home, SAFE, throw by LF to home
|
|
Batting: RHB Bruce Castoria
|
0-0: Ball 1-0: Fly out, F8 (Flyball, 8RS, EV 92.5 MPH)
|
|
Batting: LHB Nestor Moreno
|
0-0: Ground out 5-3 (Groundball, 5, EV 104.4 MPH)
|
| Top of the 2nd over - 2 runs, 2 hits, 1 error, 1 left on base; Lewiston 5 - Renton 0 |
| BOTTOM OF THE 2ND |
|
Renton Wrecks batting - Pitching for Lewiston Broncs : RHP Jeff Bittiger
|
|
Batting: SHB Ethan Charles
|
0-0: Swinging Strike 0-1: Foul Ball, location: 2F 0-2: Ball 1-2: Ground out 4-3 (Groundball, 4, EV 88.1 MPH)
|
|
Batting: LHB Paul Thoutsis
|
0-0: Ball 1-0: Ball 2-0: Ball 3-0: Base on Balls
|
|
Batting: RHB Jose Leiva
|
0-0: Ball 1-0: Fielders Choice at 2nd, 6-4 (Groundball, 56, EV 84.4 MPH)
|
|
Batting: RHB Frank Garcia
|
0-0: Called Strike 0-1: Foul Ball, location: 2F 0-2: Fly out, F7 (Flyball, 7S, EV 90.6 MPH)
|
| Bottom of the 2nd over - 0 runs, 0 hits, 0 errors, 1 left on base; Lewiston 5 - Renton 0 |
| TOP OF THE 3RD |
|
Lewiston Broncs batting - Pitching for Renton Wrecks : RHP Jeff Bettendorf
|
|
Batting: RHB Sal D'Alessandro
|
0-0: Called Strike 0-1: Ball 1-1: Foul Ball, location: 2F 1-2: Ball 2-2: Fly out, F7 (Flyball, 7D, EV 96.3 MPH)
|
|
Batting: RHB Steven Spalt
|
0-0: Called Strike 0-1: Called Strike 0-2: Ball 1-2: Ball 2-2: Strikes out looking
|
|
Batting: RHB Jay Roberts
|
0-0: Ball 1-0: Ball 2-0: Ball 3-0: Called Strike 3-1: Ground out 6-3 (Groundball, 6, EV 99.4 MPH)
|
| Top of the 3rd over - 0 runs, 0 hits, 0 errors, 0 left on base; Lewiston 5 - Renton 0 |
| BOTTOM OF THE 3RD |
|
Renton Wrecks batting - Pitching for Lewiston Broncs : RHP Jeff Bittiger
|
|
Batting: LHB Christian Bryeans
|
0-0: Swinging Strike 0-1: Ball 1-1: Ground out 4-3 (Groundball, 4, EV 93.8 MPH)
|
|
Batting: RHB Tony Bolla
|
0-0: Ball 1-0: Foul Ball, location: 2F 1-1: Fly out, F8 (Line Drive, 8RM, EV 85.6 MPH)
|
|
Batting: RHB Rolando Pino
|
0-0: Ball 1-0: Called Strike 1-1: Ball 2-1: Ball 3-1: Base on Balls
|
|
Batting: LHB Troy Thomas
|
0-0: Called Strike Rolando Pino is caught stealing 2nd base 2-6
|
| Bottom of the 3rd over - 0 runs, 0 hits, 0 errors, 0 left on base; Lewiston 5 - Renton 0 |
| TOP OF THE 4TH |
|
Lewiston Broncs batting - Pitching for Renton Wrecks : RHP Jeff Bettendorf
|
|
Batting: SHB Stephen Kowalski
|
0-0: Called Strike 0-1: Ball 1-1: Called Strike 1-2: Strikes out swinging
|
|
Batting: LHB Wayne Kirby
|
0-0: Foul Ball, location: 2F 0-1: Ball 1-1: Ball 2-1: Ball 3-1: Called Strike 3-2: Foul Ball, location: 2F 3-2: Foul Ball, location: 2F 3-2: Foul Ball, location: 2F 3-2: Base on Balls
|
|
Batting: LHB Alex Hernandez
|
0-0: Fielders Choice at 2nd, 3-6 (Groundball, 3, EV 85.0 MPH)
|
|
Batting: RHB Jeff Kunkel
|
0-0: Ground out 4-3 (Groundball, 4, EV 92.5 MPH)
|
| Top of the 4th over - 0 runs, 0 hits, 0 errors, 1 left on base; Lewiston 5 - Renton 0 |
| BOTTOM OF THE 4TH |
|
Renton Wrecks batting - Pitching for Lewiston Broncs : RHP Jeff Bittiger
|
|
Batting: LHB Troy Thomas
|
0-0: Foul Ball, location: 2F 0-1: Swinging Strike 0-2: Ball 1-2: Ball 2-2: Ball 3-2: Foul Ball, location: 2F 3-2: Strikes out swinging
|
|
Batting: RHB Luis Gomez
|
0-0: Fly out, F7 (Flyball, 7LM, EV 101.3 MPH)
|
|
Batting: SHB Ethan Charles
|
0-0: SINGLE (Groundball, 34D, EV 106.3 MPH)
|
|
Batting: LHB Paul Thoutsis
|
0-0: Ball 1-0: Ball 2-0: Ball 3-0: Base on Balls Ethan Charles to second
|
|
Batting: RHB Jose Leiva
|
0-0: Ball 1-0: Ball 2-0: Ball 3-0: Base on Balls Ethan Charles to third Paul Thoutsis to second
|
|
Batting: RHB Frank Garcia
|
0-0: Called Strike 0-1: Called Strike 0-2: Ball 1-2: SINGLE (Groundball, 5D, EV 100.6 MPH) Ethan Charles scores Paul Thoutsis to third Jose Leiva to second Runner from 3rd tries for Home, SAFE, throw by LF to home
|
|
Batting: LHB Christian Bryeans
|
0-0: Ball 1-0: Ball 2-0: Called Strike 2-1: Foul Ball, location: 2F 2-2: Foul Ball, location: 2F 2-2: Foul Ball, location: 2F 2-2: Ground out U3 (Groundball, 34S, EV 80.6 MPH)
|
| Bottom of the 4th over - 2 runs, 2 hits, 0 errors, 2 left on base; Lewiston 5 - Renton 2 |
| TOP OF THE 5TH |
|
Lewiston Broncs batting - Pitching for Renton Wrecks : RHP Jeff Bettendorf
|
|
Batting: RHB Bruce Castoria
|
0-0: Called Strike 0-1: Fly out, F8 (Line Drive, 8RD, EV 87.5 MPH)
|
|
Batting: LHB Nestor Moreno
|
0-0: Called Strike 0-1: Ball 1-1: Ground out U3 (Groundball, 34, EV 81.9 MPH)
|
|
Batting: RHB Sal D'Alessandro
|
0-0: Ball 1-0: Ball 2-0: Called Strike 2-1: Called Strike 2-2: Strikes out looking
|
| Top of the 5th over - 0 runs, 0 hits, 0 errors, 0 left on base; Lewiston 5 - Renton 2 |
| BOTTOM OF THE 5TH |
|
Renton Wrecks batting - Pitching for Lewiston Broncs : RHP Jeff Bittiger
|
|
Batting: RHB Tony Bolla
|
0-0: Swinging Strike 0-1: Foul Ball, location: 2F 0-2: Fly out, F8 (Line Drive, 8LD, EV 88.8 MPH)
|
|
Batting: RHB Rolando Pino
|
0-0: Fly out, F9 (Flyball, 9LS, EV 91.3 MPH)
|
|
Batting: LHB Troy Thomas
|
0-0: Called Strike 0-1: Called Strike 0-2: Ground out 5-3 (Groundball, 5, EV 90.0 MPH)
|
| Bottom of the 5th over - 0 runs, 0 hits, 0 errors, 0 left on base; Lewiston 5 - Renton 2 |
| TOP OF THE 6TH |
|
Lewiston Broncs batting - Pitching for Renton Wrecks : RHP Jeff Bettendorf
|
|
Batting: RHB Steven Spalt
|
0-0: Swinging Strike 0-1: Foul Ball, location: 2F 0-2: Foul Ball, location: 2F 0-2: Foul Ball, location: 2F 0-2: Strikes out swinging
|
|
Batting: RHB Jay Roberts
|
0-0: Ball 1-0: Ball 2-0: Called Strike 2-1: Called Strike 2-2: Ball 3-2: Ground out 6-3 (Groundball, 6, EV 99.4 MPH)
|
|
Batting: SHB Stephen Kowalski
|
0-0: Ball 1-0: Ball 2-0: Foul Ball, location: 2F 2-1: Ball 3-1: Base on Balls
|
|
Batting: LHB Wayne Kirby
|
0-0: Called Strike 0-1: Ball 1-1: Fly out, F8 (Flyball, 8LM, EV 91.3 MPH)
|
| Top of the 6th over - 0 runs, 0 hits, 0 errors, 1 left on base; Lewiston 5 - Renton 2 |
| BOTTOM OF THE 6TH |
|
Renton Wrecks batting - Pitching for Lewiston Broncs : RHP Jeff Bittiger
|
|
Batting: RHB Luis Gomez
|
0-0: Called Strike 0-1: Fly out, F3 (Popup, 3SF, EV 85.0 MPH)
|
|
Batting: SHB Ethan Charles
|
0-0: Called Strike 0-1: Ball 1-1: Ball 2-1: Ground out 3-1 (Groundball, 34, EV 88.1 MPH)
|
|
Batting: LHB Paul Thoutsis
|
0-0: Ball 1-0: Ball 2-0: Ball 3-0: Base on Balls
|
|
Batting: RHB Jose Leiva
|
0-0: Ball 1-0: Ball 2-0: Called Strike 2-1: Ball 3-1: Swinging Strike 3-2: Foul Ball, location: 2F 3-2: Foul Ball, location: 2F 3-2: Strikes out looking
|
| Bottom of the 6th over - 0 runs, 0 hits, 0 errors, 1 left on base; Lewiston 5 - Renton 2 |
| TOP OF THE 7TH |
|
Lewiston Broncs batting - Pitching for Renton Wrecks : RHP Jeff Bettendorf
|
|
Batting: LHB Alex Hernandez
|
0-0: Called Strike 0-1: Ball 1-1: DOUBLE (Line Drive, 3D, EV 96.3 MPH)
|
|
Batting: RHB Jeff Kunkel
|
0-0: Intentional Walk
|
|
Batting: RHB Bruce Castoria
|
0-0: Called Strike 0-1: Ball 1-1: Ball 2-1: Fly out, F4 (Line Drive, 4, EV 63.1 MPH)
|
|
Batting: LHB Nestor Moreno
|
Pickoff Throw to Second - Out! 0-0: Ball 1-0: Swinging Strike 1-1: Ball 2-1: Fly out, F9 (Flyball, 9LS, EV 83.1 MPH)
|
| Top of the 7th over - 0 runs, 1 hit, 0 errors, 1 left on base; Lewiston 5 - Renton 2 |
| BOTTOM OF THE 7TH |
|
Renton Wrecks batting - Pitching for Lewiston Broncs : RHP Jeff Bittiger
|
|
Batting: RHB Frank Garcia
|
0-0: Foul Ball, location: 2F 0-1: Fly out, F7 (Flyball, 7, EV 75.6 MPH)
|
|
Batting: LHB Christian Bryeans
|
0-0: Fly out, F7 (Flyball, 7, EV 91.3 MPH)
|
|
Batting: RHB Tony Bolla
|
0-0: Ball 1-0: Ball 2-0: Called Strike 2-1: Swinging Strike 2-2: Foul Ball, location: 2F 2-2: SINGLE (Groundball, 56D, EV 99.4 MPH)
|
|
Batting: RHB Rolando Pino
|
0-0: Called Strike 0-1: Ball 1-1: Foul Ball, location: 2F 1-2: Strikes out swinging
|
| Bottom of the 7th over - 0 runs, 1 hit, 0 errors, 1 left on base; Lewiston 5 - Renton 2 |
| TOP OF THE 8TH |
|
Lewiston Broncs batting - Pitching for Renton Wrecks : RHP Jeff Bettendorf
|
|
Batting: RHB Sal D'Alessandro
|
0-0: Called Strike 0-1: Ball 1-1: Swinging Strike 1-2: SINGLE (Flyball, 56D, EV 91.3 MPH)
|
|
Batting: RHB Steven Spalt
|
0-0: Bunted foul 0-1: Bunted foul 0-2: Foul Ball, location: 2F 0-2: Ball 1-2: Ball 2-2: Ball 3-2: Foul Ball, location: 2F 3-2: Base on Balls Sal D'Alessandro to second
|
|
Pitching: RHP Stephen Lawrence
|
|
|
Batting: RHB Jay Roberts
|
0-0: SINGLE (Groundball, 25, EV 71.9 MPH) (infield hit) Sal D'Alessandro to third Steven Spalt to second
|
|
Batting: SHB Stephen Kowalski
|
0-0: Foul Ball, location: 2F 0-1: Ball 1-1: Foul Ball, location: 2F 1-2: Strikes out swinging
|
|
Batting: LHB Wayne Kirby
|
0-0: Foul Ball, location: 2F 0-1: Ball 1-1: SINGLE (Line Drive, 89S, EV 102.5 MPH) Sal D'Alessandro scores Steven Spalt to third Jay Roberts to second Runner from 3rd tries for Home, SAFE, throw by RF to home
|
|
Batting: LHB Alex Hernandez
|
0-0: Ball 1-0: Fly out, F8 (Flyball, 8LD, EV 100.6 MPH)
|
|
Batting: RHB Jeff Kunkel
|
0-0: Ball 1-0: Ball 2-0: 3-RUN HOME RUN (Flyball, 7D, EV 97.5 MPH), Distance : 385 ft
|
|
Pinch Hitting: RHB James Sanfilippo
|
0-0: Foul Ball, location: 2F 0-1: Ball 1-1: Swinging Strike 1-2: Ball 2-2: Foul Ball, location: 2F 2-2: Ball 3-2: Foul Ball, location: 2F 3-2: Ground out 6-3 (Groundball, 6, EV 88.8 MPH)
|
| Top of the 8th over - 5 runs, 4 hits, 0 errors, 0 left on base; Lewiston 10 - Renton 2 |
| BOTTOM OF THE 8TH |
|
Renton Wrecks batting - Pitching for Lewiston Broncs : RHP Jeff Bittiger
|
|
Now in RF: Tony Cordova
|
|
|
Pinch Hitting: RHB Julian Gutierrez
|
0-0: Hit by Pitch
|
|
Batting: RHB Luis Gomez
|
Balk! Julian Gutierrez to second 0-0: SINGLE (Line Drive, 7LS, EV 112.5 MPH) Julian Gutierrez to third Runner from 3rd tries for Home, SAFE, throw by LF to home
|
|
Batting: SHB Ethan Charles
|
0-0: Ball 1-0: Ball 2-0: Called Strike 2-1: Fly out, F9 (Flyball, 9LS, EV 79.4 MPH)
|
|
Batting: LHB Paul Thoutsis
|
0-0: Ball 1-0: Swinging Strike 1-1: Fly out, F9 (Flyball, 9, EV 78.8 MPH)
|
|
Batting: RHB Jose Leiva
|
0-0: Ball 1-0: Called Strike 1-1: Foul Ball, location: 2F 1-2: Ball 2-2: Strikes out swinging
|
| Bottom of the 8th over - 1 run, 1 hit, 0 errors, 1 left on base; Lewiston 10 - Renton 3 |
| TOP OF THE 9TH |
|
Lewiston Broncs batting - Pitching for Renton Wrecks : RHP Stephen Lawrence
|
|
Now in RF: Melvin Taylor
|
|
|
Batting: LHB Nestor Moreno
|
0-0: Foul Ball, location: 2F 0-1: Ball 1-1: Foul Ball, location: 2F 1-2: Ball 2-2: Ball 3-2: Foul Ball, location: 2F 3-2: Foul Ball, location: 2F 3-2: SINGLE (Flyball, 9S, EV 93.1 MPH)
|
|
Batting: RHB Sal D'Alessandro
|
0-0: Ball 1-0: Ball 2-0: Called Strike 2-1: SINGLE (Line Drive, 56D, EV 99.4 MPH) Nestor Moreno to second
|
|
Batting: RHB Steven Spalt
|
0-0: Ball 1-0: Swinging Strike 1-1: Ball 2-1: Called Strike 2-2: Strikes out swinging
|
|
Pitching: RHP Gregory Norris
|
|
|
Pinch Hitting: RHB Felix Linares
|
0-0: Called Strike 0-1: Grounds into double play, 5-4-3 (Groundball, 25, EV 86.9 MPH)
|
| Top of the 9th over - 0 runs, 2 hits, 0 errors, 1 left on base; Lewiston 10 - Renton 3 |
| BOTTOM OF THE 9TH |
|
Renton Wrecks batting - Pitching for Lewiston Broncs : RHP Jeff Bittiger
|
|
Now at 1B: Felix Linares
|
|
|
Batting: RHB Frank Garcia
|
0-0: Called Strike 0-1: Foul Ball, location: 2F 0-2: Ball 1-2: Foul Ball, location: 2F 1-2: SINGLE (Groundball, 34D, EV 96.9 MPH)
|
|
Batting: LHB Christian Bryeans
|
0-0: Swinging Strike 0-1: Foul Ball, location: 2F 0-2: SINGLE (Groundball, 6D, EV 105.0 MPH) Frank Garcia to second
|
|
Batting: RHB Tony Bolla
|
0-0: Ball 1-0: Foul Ball, location: 2F 1-1: Ball 2-1: Foul Ball, location: 2F 2-2: Foul Ball, location: 2F 2-2: Ball 3-2: Strikes out swinging
|
|
Batting: RHB Rolando Pino
|
0-0: Called Strike 0-1: Called Strike 0-2: Foul Ball, location: 2F 0-2: Foul Ball, location: 2F 0-2: Strikes out swinging
|
|
Batting: LHB Melvin Taylor
|
0-0: Ball 1-0: Called Strike 1-1: Fly out, F7 (Line Drive, 7, EV 93.1 MPH)
|
| Bottom of the 9th over - 0 runs, 2 hits, 0 errors, 2 left on base; Lewiston 10 - Renton 3 |
|